[Event "Early-Titled-Tuesday-Blitz-January-30-2024"]
[Site "Chess.com"]
[Date "2024.01.30"]
[Round "1"]
[White "oganromchess"]
[Black "jefferyx"]
[Result "0-1"]
[WhiteElo "2524"]
[BlackElo "2986"]
[TimeControl "180+1"]
[EndTime "8:06:57 PST"]
[Termination "jefferyx won on time"]

1. e4 c5 2. Nc3 Nc6 3. g4 e6 4. d3 d5 5. Bg2 Nge7 6. f4 b5 7. Nf3 b4 8. Ne2 dxe4 9. dxe4 Qxd1+ 10. Kxd1 h5 11. gxh5 Rxh5 12. Ng3 Rh8 13. Be3 Ng6 14. e5 Bb7 15. Ke2 Nd4+ 16. Kf2 Nxc2 17. Rac1 Nxe3 18. Kxe3 Bd5 19. b3 c4 20. bxc4 Bc5+ 21. Kd2 Bc6 22. Ne2 O-O-O+ 23. Kc2 Be3 24. Rcf1 Nxf4 25. Nxf4 Bxf4 26.
h3 a5 27. Rf2 Ba4+ 28. Kb1 Rd7 29. Ne1 Bxe5 0-1

[Event "Early-Titled-Tuesday-Blitz-January-30-2024"]
[Site "Chess.com"]
[Date "2024.01.30"]
[Round "1"]
[White "ViIIagra"]
[Black "GiorgianBarbosa"]
[Result "1-0"]
[WhiteElo "2948"]
[BlackElo "2510"]
[TimeControl "180+1"]
[EndTime "8:06:57 PST"]
[Termination "ViIIagra won on time"]

1. g3 Nf6 2. Bg2 d5 3. f4 c5 4.
Nf3 Nc6 5. d3 g6 6. c3 Bg7 7. Qc2 O-O 8. e4 c4 9. e5 cxd3 10.
Qxd3 Bf5 11. Qe2 Ne4 12. Nh4 Nc5 13. Nxf5 gxf5 14. O-O d4 15. Rd1 Ne6 16. cxd4 Ncxd4 17. Qf2 Qc7 18. Nc3 Rfd8 19. Be3 Nc6 20. Nd5 Qa5 21.
a3 Rd7 22. Nf6+ exf6 23. Rxd7 fxe5 24. fxe5 Nxe5 25. Qxf5 Qa4 26. Rxb7 Rf8 27. Rf1 Ng4 28. Bxa7 Bd4+ 29. Kh1 Bxa7 30. Rxf7 1-0

[Event "Early-Titled-Tuesday-Blitz-January-30-2024"]
[Site "Chess.com"]
[Date "2024.01.30"]
[Round "1"]
[White "VitaliyBernadskiy"]
[Black "Chessdreamer2001"]
[Result "1-0"]
[WhiteElo "2914"]
[BlackElo "2504"]
[TimeControl "180+1"]
[EndTime "8:06:57 PST"]
[Termination "VitaliyBernadskiy won by resignation"]

1. Nf3 Nf6 2. c4 g6 3. Nc3 Bg7 4. e4 d6 5. d4 O-O 6. Be2 Nbd7 7. O-O e5 8. Be3 Qe7 9. Re1 c6 10. d5 c5 11. Nd2 Kh8 12. a3 Ng8 13. b4 b6 14. Nb5 Nb8 15. bxc5 bxc5 16. Rb1 a6 17.
Nc3 f5 18. f3 Bh6 19. Bxh6 Nxh6 20. Nb3 a5 21. Qd2 Kg7 22. Na4 fxe4 23. fxe4 Qh4 24. Nb6 Ra7 25. Nxc8 Rxc8 26. Bf3 a4 27. Na5 Rf7 28.
Rf1 Nd7 29. Nc6 Rcf8 30. Qe1 Qg5 31. Qe2 Ng8 32. g3 h5 33. Bg2 h4 34. Rxf7+ Rxf7 35. Qd3 Nh6 36. Bh3 Ng4 37. Nd8 Nf2 38. Ne6+ Kg8 39. Nxg5 1-0

[Event "Early-Titled-Tuesday-Blitz-January-30-2024"]
[Site "Chess.com"]
[Date "2024.01.30"]
[Round "1"]
[White "Abund"]
[Black "epiclord678"]
[Result "1-0"]
[WhiteElo "2768"]
[BlackElo "2422"]
[TimeControl "180+1"]
[EndTime "8:06:57 PST"]
[Termination "Abund won on time"]

1. e4 c5 2. Nf3 d6 3. d4 cxd4 4. Nxd4 Nf6 5. Nc3 a6 6. Bd3 e5 7.
Nde2 Be7 8. O-O O-O 9. Ng3 b5 10.
a3 Be6 11. h3 Nbd7 12. Qf3 Nb6 13. Nf5 d5 14. Nxe7+ Qxe7 15. Bg5 d4 16. Ne2 Nbd7 17. Qg3 Kh8 18. f4 exf4 19. Rxf4 Qc5 20. Qh4 Bc4 21. e5 Qxe5 22. Rf5 Qc7 23. Raf1 Bxd3 24. cxd3 Qc6 25. Rxf6 gxf6 26. Rxf6 Qd5 27. Nf4 Qe5 28. Rh6 Qe3+ 29. Kh2 1-0

[Event "Early-Titled-Tuesday-Blitz-January-30-2024"]
[Site "Chess.com"]
[Date "2024.01.30"]
[Round "1"]
[White "artin10862"]
[Black "Noki102"]
[Result "1-0"]
[WhiteElo "2855"]
[BlackElo "2474"]
[TimeControl "180+1"]
[EndTime "8:06:58 PST"]
[Termination "artin10862 won on time"]

1. e4 e5 2. Nf3 Nc6 3. Bb5 a6 4. Ba4 g6 5. c3 Bg7 6. d4 b5 7. Bb3 exd4 8. cxd4 Na5 9. O-O Ne7 10. Bg5 h6 11.
Bh4 Nxb3 12. Qxb3 O-O 13. Nc3 Qe8 14. Rfe1 d6 15. Nd5 Nxd5 16. exd5 Qd7 17. Re7 Qg4 18.
h3 Qh5 19. Rxc7 Re8 20. g4 Bxg4 21.
hxg4 Qxg4+ 22. Bg3 f5 23. Kh1 f4 24. Bh2 Re3 25.
fxe3 Qxf3+ 26. Kg1 fxe3 27. Qc2 Kh7 28. Rf1 Qg4+ 29. Kh1 1-0

[Event "Early-Titled-Tuesday-Blitz-January-30-2024"]
[Site "Chess.com"]
[Date "2024.01.30"]
[Round "1"]
[White "blitis"]
[Black "hsd2016"]
[Result "1-0"]
[WhiteElo "2625"]
[BlackElo "2286"]
[TimeControl "180+1"]
[EndTime "8:06:59 PST"]
[Termination "blitis won by checkmate"]

1. e4 c5 2. Nf3 e6 3. d4 cxd4 4.
Nxd4 a6 5. c4 Nf6 6. Nc3 Bb4 7.
Qd3 d5 8. cxd5 exd5 9. e5 Ne4 10.
Be2 Nc6 11. Nxc6 bxc6 12. O-O Nxc3 13. bxc3 Be7 14. Qg3 g6 15. c4 O-O 16. Bh6 Re8 17.
Rad1 Be6 18. f4 Qb6+ 19. Kh1 Bf5 20. cxd5 cxd5 21. Bf3 Be4 22. Bxe4 dxe4 23. f5 Rad8 24. e6 fxe6 25. fxg6 Qb2 26. Rxd8 Rxd8 27. gxh7+ Kh8 28.
Bf8 Bxf8 29. Qg8# 1-0

[Event "Early-Titled-Tuesday-Blitz-January-30-2024"]
[Site "Chess.com"]
[Date "2024.01.30"]
[Round "1"]
[White "FairChess_on_YouTube"]
[Black "guillembaches"]
[Result "1-0"]
[WhiteElo "3091"]
[BlackElo "2542"]
[TimeControl "180+1"]
[EndTime "8:07:00 PST"]
[Termination "FairChess_on_YouTube won on time"]

1. d4 d5 2. Nf3 e6 3. c4 a6 4. cxd5 exd5 5. Nc3 Nf6 6. Bg5 Be6 7. e3 Nbd7 8. h3 Bd6 9. Bd3 c6 10. Bf4 Qc7 11.
Qd2 h6 12. O-O g5 13. Bxd6 Qxd6 14. Rae1 Rg8 15. e4 dxe4 16. Nxe4 Nxe4 17. Bxe4 O-O-O 18. d5 Bxd5 19. Bxd5 Qxd5 20. Qc3 g4 21. hxg4 Rxg4 22. Rd1 Qh5 23. g3 Rdg8 24. Rxd7 Kxd7 25. Ne5+ Kc8 26.
Nxg4 Qxg4 27. Re1 Rd8 28. Qb3 h5 29. Qxf7 h4 30. Re7 Rd1+ 31. Kg2 1-0

[Event "Early-Titled-Tuesday-Blitz-January-30-2024"]
[Site "Chess.com"]
[Date "2024.01.30"]
[Round "1"]
[White "Alexchess1984"]
[Black "amanjazu"]
[Result "1-0"]
[WhiteElo "2741"]
[BlackElo "2404"]
[TimeControl "180+1"]
[EndTime "8:07:00 PST"]
[Termination "Alexchess1984 won by checkmate"]

1. e4 Nf6 2. e5 Nd5 3. d4 d6 4.
Bc4 Nb6 5. Bb3 dxe5 6. Qh5 e6 7. dxe5 Nc6 8. Nf3 Be7 9. O-O O-O 10. Nc3 Na5 11.
Rd1 Bd7 12. Ng5 h6 13. Nge4 Nxb3 14. axb3 f5 15. exf6 Bxf6 16. Rd3 Qe8 17. Qxe8 Bxe8 18. Bf4 e5 19. Nxf6+ gxf6 20. Bxh6 Rf7 21. Be3 Bc6 22. f3 Rg7 23. Bxb6 cxb6 24. Kf2 Kf7 25. Ne2 Ke6 26. Re1 Rag8 27. g3 Rh7 28. h4 Rhg7 29. g4 Rh7 30. Nd4+ Ke7 31. Nf5+ Ke6 32. h5 e4 33. Ng3 f5 34. Nxf5 Kf6 35. Rd6+ Ke5 36. Kg3 Rf8 37. f4# 1-0

[Event "Early-Titled-Tuesday-Blitz-January-30-2024"]
[Site "Chess.com"]
[Date "2024.01.30"]
[Round "1"]
[White "kingofthenil"]
[Black "NewYearGirl"]
[Result "0-1"]
[WhiteElo "2666"]
[BlackElo "2375"]
[TimeControl "180+1"]
[EndTime "8:07:02 PST"]
[Termination "NewYearGirl won on time"]

1. e4 c5 2. Nf3 d6 3. d4 cxd4 4. Nxd4 Nf6 5. Qe2 g6 6. g3 Bg7 7.
Bg2 O-O 8. O-O Nc6 9. Nxc6 bxc6 10.
Nd2 a5 11. Rb1 Nd7 12. b3 a4 13. b4 a3 14. c4 Bb7 15. Nb3 c5 16. Na5 Rxa5 17. bxa5 Ba6 18. Bxa3 Qxa5 19. Rb3 Ne5 20. Rc1 Nc6 21. Qe1 Qa4 22. Bb2 Qxa2 23. Bxg7 Qxb3 24. Bxf8 Kxf8 25. Ra1 Bxc4 26. Rb1 Qd3 27. Rd1 Qa3 28. Qd2 Nd4 29. Qh6+ Ke8 30. Rb1 Qa2 31. Rb8+ Kd7 32. h4 Ne2+ 33. Kh2 Qa1 0-1

[Event "Early-Titled-Tuesday-Blitz-January-30-2024"]
[Site "Chess.com"]
[Date "2024.01.30"]
[Round "1"]
[White "GP9isback23"]
[Black "margarita_2703"]
[Result "1/2-1/2"]
[WhiteElo "2628"]
[BlackElo "2318"]
[TimeControl "180+1"]
[EndTime "8:07:02 PST"]
[Termination "Game drawn by repetition"]

1. Nf3 d5 2. b3 Bg4 3. Bb2 Nd7 4.
d4 Ngf6 5. Nbd2 e6 6. e3 Bd6 7. Be2 O-O 8. O-O Re8 9. h3 Bh5 10. c4 c6 11. Rc1 Rc8 12. Ne5 Bxe2 13. Qxe2 Bf8 14. f4 c5 15. g4 Ne4 16. Nxe4 dxe4 17.
Rfd1 Nxe5 18. fxe5 Qh4 19. Qg2 h5 20. gxh5 Qxh5 21.
Rf1 Rcd8 22. Rf4 g6 23. Rxe4 Bh6 24. Rf1 Re7 25. Qg4 Qxg4+ 26. hxg4 Bg5 27. Kg2 b6 28. Rd1 Red7 29. Kf3 Kg7 30. Rh1 Rc7 31. Ke2 Rcd7 32. Kd3 Rc8 33. Kc3 Rcd8 34. a3 a5 35. b4 axb4+ 36.
axb4 Kg8 37. bxc5 bxc5 38. Ba3 Rb7 39. Bxc5 Rdb8 40. Kd3 Rb3+ 41. Ke2 Rc3 42. Ra1 Rb2+ 43.
Kf3 Rxc4 44. Rf1 Rcc2 45. Ba3 Rb3 46. Bc5 Rcc3 47. Re1 Kg7 48. Bd6 Rd3 49. Bc5 Rdc3 50. Bd6 Rd3 51. Re2 Rdc3 52. Bc5 Kg8 53. Re1 Kg7 1/2-1/2

[Event "Early-Titled-Tuesday-Blitz-January-30-2024"]
[Site "Chess.com"]
[Date "2024.01.30"]
[Round "1"]
[White "Chesstiger64"]
[Black "gshwbedhkhd"]
[Result "0-1"]
[WhiteElo "2206"]
[BlackElo "2589"]
[TimeControl "180+1"]
[EndTime "8:07:02 PST"]
[Termination "gshwbedhkhd won by resignation"]

1. d4 f5 2. g3 Nf6 3. Bg2 g6 4. c4 Bg7 5. Nc3 O-O 6. Nh3 d6 7. O-O e5 8. dxe5 dxe5 9. Qxd8 Rxd8 10. b3 Na6 11. Ba3 c6 12. Rad1 Re8 13. Ng5 h6 14.
Nf3 e4 15. Nd4 Ng4 16. e3 Ne5 17. Rd2 Nd3 18. Rfd1 Be6 19. f3 exf3 20. Bxf3 Ne5 21. Bg2 Bf7 22. e4 Ng4 23. exf5 Ne3 24. Re1 Rad8 25. Nce2 Nxf5 26. Red1 Ne3 27. Re1 Nxg2 28.
Kxg2 Bxd4 29. Red1 Bb6 30. Rxd8 Rxd8 31. Rxd8+ Bxd8 32.
Nd4 Bf6 33. Nf3 Nc7 34. Bd6 Ne6 35. Ne5 Nd4 36. Nd7 Bd8 37. Bc5 Ne2 38. Bxa7 Nc1 39. Nc5 b6 40. Na4 b5 41. cxb5 cxb5 42. Nc3 b4 43. Ne4 Nxa2 44. Bc5 Bxb3 45. h4 Bd5 46. Kf3 Nc3 47. Bxb4 Nxe4 48. Kg2 Bc7 49. Be1 Nxg3+ 50. Kh3 Nh5 51. Kg4 Kf7 52. Bd2 Nf6+ 53. Kh3 h5 54.
Bg5 Ne4 55. Bf4 Bxf4 0-1

[Event "Early-Titled-Tuesday-Blitz-January-30-2024"]
[Site "Chess.com"]
[Date "2024.01.30"]
[Round "1"]
[White "DenLaz"]
[Black "santosalberto1987"]
[Result "1-0"]
[WhiteElo "3080"]
[BlackElo "2541"]
[TimeControl "180+1"]
[EndTime "8:07:04 PST"]
[Termination "DenLaz won by checkmate"]

1. d4 Nf6 2. c4 d6 3. Nf3 Nbd7 4. Nc3 e5 5. g3 g6 6. Bg2 Bg7 7. O-O O-O 8. e4 Re8 9. h3 a6 10. Be3 Rb8 11. Qc2 c6 12. Rfd1 Qe7 13. Rac1 b5 14.
dxe5 dxe5 15. Nd2 Nf8 16. Nb3 Ne6 17. Ne2 Bb7 18. Na5 Nd7 19. c5 Nf6 20. b4 Red8 21. Rxd8+ Rxd8 22. Rd1 Ba8 23. a3 Rxd1+ 24. Qxd1 Qd8 25.
Qxd8+ Nxd8 26. f3 Kf8 27. h4 Ke7 28. Bh3 Ne6 29. Kf2 Nd7 30. Nc1 Nd4 31. Bxd4 exd4 32. Bxd7 Kxd7 33. Nd3 f5 34. exf5 gxf5 35. Ke2 Ke6 36.
Nf4+ Ke5 37. Kd3 Bh6 38. Ne2 Be3 39. f4+ Kd5 40. Nb3 Bb7 41. Nbxd4 Bc8 42. Nc3# 1-0

[Event "Early-Titled-Tuesday-Blitz-January-30-2024"]
[Site "Chess.com"]
[Date "2024.01.30"]
[Round "1"]
[White "FontVella8"]
[Black "19912131712118"]
[Result "1-0"]
[WhiteElo "2765"]
[BlackElo "2421"]
[TimeControl "180+1"]
[EndTime "8:07:04 PST"]
[Termination "FontVella8 won by resignation"]

1. Nf3 Nf6 2. b3 g6 3. Bb2 Bg7 4.
g3 O-O 5. Bg2 d6 6. O-O e5 7. c4 Be6 8. Ng5 Bc8 9. d3 c6 10.
Nf3 Nbd7 11. Nbd2 Qe7 12. Rc1 Nh5 13. Qc2 f5 14. e3 Ndf6 15. Rfe1 h6 16. c5 Ne8 17. cxd6 Nxd6 18. Qc5 Re8 19. Ba3 Bf8 20. Nc4 Nxc4 21. Qxc4+ Qf7 22. Bxf8 Qxc4 23. Rxc4 Kxf8 24. Rc5 e4 25. dxe4 Rxe4 26. Ne5 Rb4 27. Nxg6+ Kf7 28.
Ne5+ Kf6 29. f4 Ng7 30. Rd1 Be6 31. Kf2 a5 32. Nd3 Rb6 33. Nb2 Rb4 34. Rd4 Rxd4 35. exd4 Bf7 36. d5 cxd5 37. Bxd5 Re8 38. Bxf7 Kxf7 39. Rxa5 Rd8 40. Nc4 Ne6 41. Rxf5+ Kg6 42. Rb5 Rd7 43. f5+ 1-0

[Event "Early-Titled-Tuesday-Blitz-January-30-2024"]
[Site "Chess.com"]
[Date "2024.01.30"]
[Round "1"]
[White "ValentunHulka"]
[Black "ChessLebaneseSalah"]
[Result "1-0"]
[WhiteElo "2804"]
[BlackElo "2450"]
[TimeControl "180+1"]
[EndTime "8:07:07 PST"]
[Termination "ValentunHulka won by resignation"]

1. Nc3 d5 2. e4 dxe4 3. Nxe4 Nf6 4. Nxf6+ exf6 5. d4 Bd6 6. Bd3 O-O 7. Ne2 Re8 8. O-O Bg4 9. c3 Nd7 10. Qc2 Nf8 11. h3 Bh5 12. Nf4 Bg6 13. Nxg6 hxg6 14. Bd2 c5 15. dxc5 Bxc5 16. Rad1 Qc7 17. Be4 Bb6 18. Bf3 Rad8 19. Rfe1 Qg3 20. Bc1 Qc7 21. a4 a5 22. Qb3 Ne6 23. Bd5 Kh8 24. Qc4 Qg3 25.
Be3 Bxe3 26. Rxe3 Qg5 27. Bf3 Rxd1+ 28. Bxd1 Rd8 29. Bf3 Nf4 30. Kh2 Ne6 31. h4 Qh6 32. Bxb7 g5 33. g3 gxh4 34. Qxh4 Qxh4+ 35. gxh4 Rd2 36. b4 axb4 37. cxb4 Rxf2+ 38. Kg3 Rb2 39. b5 Nd4 40. Rd3 Nxb5 41. axb5 Rxb5 42. Be4 g6 43. Kg4 Kg7 44. Bf3 Rb4+ 45. Kg3 Kh6 46. Rd6 Kg7 47. Rc6 Rb3 48. Rc7 Rb4 49. Bd5 Rb3+ 50. Bxb3 1-0

[Event "Early-Titled-Tuesday-Blitz-January-30-2024"]
[Site "Chess.com"]
[Date "2024.01.30"]
[Round "1"]
[White "KIEV-1"]
[Black "crazy_but_lazy"]
[Result "1-0"]
[WhiteElo "2236"]
[BlackElo "2578"]
[TimeControl "180+1"]
[EndTime "8:07:07 PST"]
[Termination "KIEV-1 won by checkmate"]

1. e4 c5 2. Nf3 Nc6 3. d4 cxd4 4. Nxd4 g6 5. Nc3 Bg7 6. Be3 Nf6 7. f3 O-O 8. Qd2 d5 9. Nxc6 bxc6 10. O-O-O e5 11.
exd5 cxd5 12. Nxd5 Be6 13. Bc4 Nd7 14. Bb3 a5 15. a4 Rb8 16. Kb1 Re8 17. Rhe1 Qc8 18. Qxa5 Qb7 19. Rd2 Nf8 20. Red1 Rec8 21. Bc5 Bxd5 22. Rxd5 Ne6 23. Bd6 Ra8 24. Qb5 Qa7 25. Bxe5 Bxe5 26. Rxe5 Nd4 27. Qd5 Nxb3 28. Qxb3 Rc7 29.
Red5 Kg7 30. a5 Rb8 31. Qd3 Qb7 32. b3 Rbc8 33. Qd4+ Kh6 34. g4 Rxc2 35. Rh5+ gxh5 36. Qf6# 1-0

[Event "Early-Titled-Tuesday-Blitz-January-30-2024"]
[Site "Chess.com"]
[Date "2024.01.30"]
[Round "1"]
[White "Nechitaylo_Nikita"]
[Black "GeorgiosSouleidis"]
[Result "0-1"]
[WhiteElo "2312"]
[BlackElo "2642"]
[TimeControl "180+1"]
[EndTime "8:07:08 PST"]
[Termination "GeorgiosSouleidis won by resignation"]

1. d4 Nf6 2. c4 g6 3. f3 Bg7 4.
e4 d6 5. Nc3 O-O 6. Nge2 c5 7. Bg5 cxd4 8. Nxd4 Nc6 9. Nc2 Be6 10.
Be2 Rc8 11. O-O a6 12. Nd5 Bxd5 13. cxd5 Ne5 14. Be3 Nc4 15. Bxc4 Rxc4 16. Na3 Rc8 17. Rc1 Qa5 18. Qd2 Qa4 19. Qd4 Qa5 20. Qd2 Qxd2 21.
Bxd2 Nd7 22. Nc4 b5 23. Na5 Bxb2 24. Rxc8 Rxc8 25. Nc6 Kf8 26. Rb1 Bf6 27. a4 bxa4 28. Rb7 Ne5 29. Nb4 Nc4 30. Be1 a3 31. Ra7 Bd4+ 32.
Bf2 Bxa7 33. Bxa7 a5 34. Na2 0-1

[Event "Early-Titled-Tuesday-Blitz-January-30-2024"]
[Site "Chess.com"]
[Date "2024.01.30"]
[Round "1"]
[White "publicaccountcze"]
[Black "profedechess93"]
[Result "0-1"]
[WhiteElo "2306"]
[BlackElo "2634"]
[TimeControl "180+1"]
[EndTime "8:07:08 PST"]
[Termination "profedechess93 won on time"]

1. e4 e6 2. d3 d5 3. Qe2 Nf6 4. Nf3 b6 5. g3 Bb7 6. e5 Nfd7 7. Bg2 c5 8. O-O Nc6 9. c4 d4 10. Re1 Be7 11. h4 h6 12. Na3 a6 13. Nc2 Qc7 14. Bd2 O-O-O 15. a3 Rdg8 16. b4 g5 17. hxg5 hxg5 18. g4 Nf8 19. bxc5 bxc5 20. Rab1 Ng6 21. Rb3 Nf4 22. Bxf4 gxf4 23. Reb1 Ba8 24. Nd2 Rg5 25. f3 Rxe5 26. Ne4 f5 27. Qd2 fxe4 28. dxe4 Rg5 29.
Ne1 Rg7 30. Nd3 Rgh7 31. Nxf4 Bg5 32. Nxe6 Bxd2 33. Nxc7 Kxc7 34. Rd1 Be3+ 35. Kf1 Ne5 0-1

[Event "Early-Titled-Tuesday-Blitz-January-30-2024"]
[Site "Chess.com"]
[Date "2024.01.30"]
[Round "1"]
[White "Hikaru"]
[Black "Pelopidass"]
[Result "1-0"]
[WhiteElo "3303"]
[BlackElo "2551"]
[TimeControl "180+1"]
[EndTime "8:07:09 PST"]
[Termination "Hikaru won by resignation"]

1. Nf3 Nf6 2. b3 g6 3. d4 Bg7 4. Bb2 O-O 5. e3 d6 6. Be2 a5 7. c4 Nc6 8. a3 Bg4 9. Nbd2 e5 10. dxe5 Nd7 11. O-O dxe5 12. Ne4 h6 13. h3 Be6 14. Nc3 Nc5 15. Qc2 Qc8 16. Rad1 Kh7 17. Nd5 f5 18. b4 axb4 19. axb4 Na4 20. Ba1 Bxd5 21. cxd5 Nxb4 22. Qb3 c5 23. Nxe5 Qe8 24. Nc4 Bxa1 25. Rxa1 Qd7 26. Rfd1 b5 27. Ne5 Qe8 28. Nc6 Nxc6 29. Bxb5 Qb8 30. dxc6 Nb6 31. Rac1 f4 32. Rxc5 fxe3 33. Qxe3 Qc7 34. Re5 Rf7 35. Bd3 Raf8 36. Re6 Rg7 37. Bxg6+ Rxg6 38. Re7+ Rg7 39. Rxc7 Rxc7 40.
Qxb6 1-0

[Event "Early-Titled-Tuesday-Blitz-January-30-2024"]
[Site "Chess.com"]
[Date "2024.01.30"]
[Round "1"]
[White "BigAl"]
[Black "FabianoCaruana"]
[Result "0-1"]
[WhiteElo "2535"]
[BlackElo "3053"]
[TimeControl "180+1"]
[EndTime "8:07:09 PST"]
[Termination "FabianoCaruana won by resignation"]

1. Nf3 c5 2. g3 Nc6 3. Bg2 g6 4.
O-O Bg7 5. d3 d5 6. Nbd2 e5 7.
e4 d4 8. a4 Nge7 9. h3 O-O 10.
Nh2 f5 11. exf5 gxf5 12. Re1 Ng6 13. Nc4 f4 14. Nf3 Be6 15. g4 Bd5 16. b3 Qd7 17. Nfd2 Bxg2 18. Kxg2 Nh4+ 19. Kh1 f3 20. Ne4 h5 21. Rg1 Ng2 22. Rxg2 fxg2+ 23. Kxg2 hxg4 24. Qxg4 Qxg4+ 25. hxg4 Nb4 26. Na3 Rac8 27. Bd2 b6 28. Rh1 Rc6 29. f3 a6 30. Rh5 Re8 31. Kg3 Ree6 32.
Rf5 Nd5 33. Nc4 b5 34. axb5 axb5 35. Na5 Rc7 36. Ng5 Ra6 37. f4 Ne3 38. Rxe5 Bxe5 39.
fxe5 Nf1+ 40. Kf4 Nxd2 41. Kf5 Rxa5 0-1

[Event "Early-Titled-Tuesday-Blitz-January-30-2024"]
[Site "Chess.com"]
[Date "2024.01.30"]
[Round "1"]
[White "LiemLe"]
[Black "KamilGrycel"]
[Result "1-0"]
[WhiteElo "3097"]
[BlackElo "2542"]
[TimeControl "180+1"]
[EndTime "8:07:10 PST"]
[Termination "LiemLe won by resignation"]

1. Nf3 d6 2. d4 Bg4 3. e4 e6 4. h3 Bh5 5. Qe2 c6 6. Nc3 Nf6 7. g4 Bg6 8. g5 Nfd7 9. Bf4 d5 10.
exd5 cxd5 11. Nb5 Na6 12. Bg2 Be7 13. c3 O-O 14. O-O Be4 15. Qe3 Nb6 16. b3 Nc8 17. Ne5 Bxg2 18. Kxg2 Nd6 19. Nxd6 Bxd6 20. Rac1 Rc8 21.
Rfd1 Nb8 22. c4 dxc4 23. bxc4 Nc6 24. Nf3 Bxf4 25. Qxf4 Qa5 26. d5 exd5 27. cxd5 Nb4 28. Rxc8 Rxc8 29. d6 Nc6 30. Rd2 Rd8 31. h4 g6 32. h5 Qf5 33. Qxf5 gxf5 34. Nh4 f4 35.
Kf3 Ne5+ 36. Kxf4 Nc4 37. Rd4 b5 38. Nf5 Kf8 39. Ke4 Ke8 40. Kd5 Kd7 41. Re4 Nb6+ 42.
Kc5 Rc8+ 43. Kxb5 Nd5 44. Re5 Nc3+ 45. Ka5 Kc6 46. Re3 Nd5 47. Ne7+ Nxe7 48. dxe7 Re8 49. Ka6 Kd6 50. Kxa7 1-0

[Event "Early-Titled-Tuesday-Blitz-January-30-2024"]
[Site "Chess.com"]
[Date "2024.01.30"]
[Round "1"]
[White "aistrel"]
[Black "Binary010"]
[Result "0-1"]
[WhiteElo "2502"]
[BlackElo "2905"]
[TimeControl "180+1"]
[EndTime "8:07:10 PST"]
[Termination "Binary010 won by resignation"]

1. d4 Nf6 2. Nc3 d5 3. Bf4 c5 4.
e3 cxd4 5. exd4 a6 6. Nf3 Nc6 7. Ne5 Bd7 8. Nxc6 Bxc6 9. Be2 e6 10. O-O Bb4 11. Nb1 Ne4 12. Nd2 O-O 13. c3 Bd6 14.
Bxd6 Nxd6 15. Bd3 Bb5 16. Nf3 Bxd3 17. Qxd3 b5 18. a4 b4 19. cxb4 Qb6 20. Ng5 g6 21. Qh3 h5 22. Rfd1 Kg7 23. Qg3 Nf5 24. Qe5+ Kg8 25.
h3 Qxb4 26. g4 hxg4 27. hxg4 Qe7 28. f4 Nh6 29. Qe2 Qf6 30. Qf3 Rac8 31. Rd2 Rc4 32.
Kg2 Rxd4 33. Rxd4 Qxd4 34. Rh1 Qxb2+ 35. Kg1 Rc8 36. Rxh6 Rc1+ 37. Qf1 Qd4+ 38. Kg2 Rxf1 39.
Kxf1 Qxf4+ 0-1

[Event "Early-Titled-Tuesday-Blitz-January-30-2024"]
[Site "Chess.com"]
[Date "2024.01.30"]
[Round "1"]
[White "jasonbolivar"]
[Black "Alexei_Gubajdullin"]
[Result "0-1"]
[WhiteElo "2278"]
[BlackElo "2618"]
[TimeControl "180+1"]
[EndTime "8:07:10 PST"]
[Termination "Alexei_Gubajdullin won on time"]

1. e4 e5 2. Nf3 Nf6 3. d4 Nxe4 4. dxe5 d5 5. exd6 Qxd6 6. Bd3 Nc5 7. Be2 Qxd1+ 8. Bxd1 Be7 9. O-O O-O 10. Nc3 c6 11.
Bf4 Ne6 12. Be3 Na6 13. a3 Bf6 14. Be2 Nac5 15. Bd2 Rd8 16. Rad1 Bd7 17. Bc1 Be8 18. Rxd8 Rxd8 19. Rd1 Rxd1+ 20. Nxd1 a5 21. Ne3 b5 22.
Ng4 Be7 23. Bd2 a4 24. Nge5 f6 25. Nd3 Ne4 26. Be1 g5 27. Nd2 N4c5 28. Nxc5 Nxc5 29. Bf3 f5 30. h3 h5 31. Nb1 g4 32. hxg4 fxg4 33.
Be2 Bg6 34. Bd1 Bg5 35. Bb4 Ne4 36. Nc3 Nd2 37. Ne2 Nc4 38. Bc3 Bc1 39. Nxc1 Nb6 40.
Kf1 Nd5 41. Be5 c5 42. f3 Bf5 43. fxg4 hxg4 44. Kf2 b4 45. Nd3 b3 46. Ke2 c4 47.
Ne1 c3 48. cxb3 Nf4+ 0-1

[Event "Early-Titled-Tuesday-Blitz-January-30-2024"]
[Site "Chess.com"]
[Date "2024.01.30"]
[Round "1"]
[White "Iana_Shirova"]
[Black "BlackGod93"]
[Result "0-1"]
[WhiteElo "2114"]
[BlackElo "2568"]
[TimeControl "180+1"]
[EndTime "8:07:10 PST"]
[Termination "BlackGod93 won by checkmate"]

1. e3 g6 2. d4 Bg7 3. c3 Nf6 4. Nf3 O-O 5. Bd3 d6 6. O-O Nbd7 7. h3 Re8 8. Nbd2 e5 9. e4 d5 10. Re1 exd4 11. Nxd4 Nc5 12. Bb1 dxe4 13. b4 Nd3 14.
Bxd3 exd3 15. Bb2 Rxe1+ 16. Qxe1 a5 17. b5 a4 18. a3 c5 19. bxc6 bxc6 20. Nxc6 Qb6 21.
Nb4 Bf5 22. Qe3 Qxe3 23. fxe3 Ne4 24. Nxe4 Bxe4 25. Rd1 Rd8 26. Rd2 h5 27. Kf2 h4 28.
g3 hxg3+ 29. Kxg3 Be5+ 30. Kf2 Rd6 31. Kg1 Bg3 32. c4 Be1 33. Rd1 d2 34. Bd4 Bf3 35.
Rxd2 Bxd2 36. c5 Rxd4 37. exd4 Be3+ 38. Kf1 Bxd4 39. c6 Bc5 40. c7 Bb7 41. Ke2 Bxb4 42.
axb4 Kf8 43. Kd3 Ke7 44. Kc4 Kd7 45. b5 Kxc7 46. Kb4 Kb6 47. Kxa4 Bc8 48. h4 Bd7 49. Kb4 Bxb5 50. Kc3 Be2 51. Kd4 Bh5 52. Ke5 f5 53. Kf6 Kc5 54. Kg5 Kd4 55. Kf4 Kd3 56. Kg3 Ke3 57. Kg2 f4 58. Kh3 f3 59. Kg3 f2 60.
Kh2 f1=Q 61. Kg3 Qg1+ 62. Kh3 Bg4# 0-1

[Event "Early-Titled-Tuesday-Blitz-January-30-2024"]
[Site "Chess.com"]
[Date "2024.01.30"]
[Round "1"]
[White "RaulPerezGuerra"]
[Black "sonicdravise"]
[Result "0-1"]
[WhiteElo "2214"]
[BlackElo "2606"]
[TimeControl "180+1"]
[EndTime "8:07:11 PST"]
[Termination "sonicdravise won by resignation"]

1. e4 g6 2. d4 Bg7 3. Bg5 d6 4. Nc3 a6 5. a4 Nd7 6. Nf3 c5 7. d5 Ngf6 8. Bd3 O-O 9. Qd2 Rb8 10. O-O Ng4 11. h3 Nge5 12. Nxe5 Nxe5 13. Be2 f5 14. Bh6 Bxh6 15. Qxh6 f4 16. Qg5 Kg7 17. Bg4 h6 18. Qh4 Bxg4 19. hxg4 f3 20. g3 Qd7 21. Nd1 g5 22.
Qh3 Qxg4 23. Qxg4 Nxg4 24. Ra3 Kg6 25. a5 h5 26. Ne3 Nxe3 27. Rxe3 g4 28. Rb1 h4 29.
gxh4 Rh8 30. Kf1 Rxh4 31. Ke1 Rh1+ 32. Kd2 Rxb1 33. Kc3 Ra1 34. e5 dxe5 35. Rxe5 Kf6 36. Re4 Rg8 37. b4 cxb4+ 38. Rxb4 Rxa5 39. Rxb7 Rxd5 40. Rb6+ Rd6 41. Rxa6 Rxa6 0-1

[Event "Early-Titled-Tuesday-Blitz-January-30-2024"]
[Site "Chess.com"]
[Date "2024.01.30"]
[Round "1"]
[White "KVAIDAN"]
[Black "vladgoncharov"]
[Result "1-0"]
[WhiteElo "2341"]
[BlackElo "2632"]
[TimeControl "180+1"]
[EndTime "8:07:12 PST"]
[Termination "KVAIDAN won on time"]

1. f4 Nf6 2. Nf3 g6 3. d3 d5 4. e3 Bg7 5. Be2 c5 6. O-O Nc6 7. Kh1 O-O 8. a4 Re8 9. Ne5 Qc7 10. Nxc6 Qxc6 11. Nc3 d4 12. Nb5 dxe3 13. Bf3 Qd7 14. Bxe3 a6 15. Na3 Nd5 16. Bxd5 Qxd5 17. Nc4 Rb8 18.
a5 Be6 19. Rb1 Qc6 20. Ne5 Qc7 21. Qf3 Qxa5 22. c3 Qc7 23. Qf2 b6 24. b4 cxb4 25.
Rxb4 b5 26. c4 Qd6 27. Bc5 Qc7 28. cxb5 Rxb5 29. Rxb5 axb5 30. d4 Rb8 31. Qb2 Bd5 32.
Qb4 Rb7 33. Re1 h5 34. h3 Qc8 35. Kg1 Qf5 36. Qd2 b4 37. Bxb4 Rxb4 38. Qxb4 Qc2 39.
Nf3 Bxf3 40. gxf3 e6 41. Kf1 Qf5 42. Qd6 Qxh3+ 43. Ke2 Qg2+ 44. Ke3 h4 45. Qd8+ 1-0